 Dungeon Crawl Stone Soup version 0.17-a0-764-gd40c196 (webtiles) character file.

58 Pnognoglozu the Skirmisher (level 3, 0/29 HPs)
             Began as a Demonspawn Abyssal Knight on Apr 23, 2015.
             Was a Believer of Lugonu.
             Killed from afar by Natasha (6 damage)
             ... with a magic dart
             ... on level 2 of the Dungeon.
             The game lasted 00:10:02 (2152 turns).

Pnognoglozu the Skirmisher (DsAK)                   Turns: 2152, Time: 00:10:03

Health: 0/29       AC:  3    Str: 12    XL:     3   Next: 75%
Magic:  5/5        EV: 11    Int: 13    God:    Lugonu [**....]
Gold:   80         SH:  0    Dex: 13    Spells: 0 memorised, 2 levels left

rFire  . . .     SeeInvis .     d - +1 falchion
rCold  . . .     Clarity  .     b - +0 leather armour
rNeg   . . .     SustAb   .     (no shield)
rPois  .         Gourm    .     (helmet restricted)
rElec  .         Spirit   .     (no cloak)
rCorr  .         Warding  .     (no gloves)
rMut   .         Stasis   .     (no boots)
MR     .....                    (no amulet)
Stlth  +.........               (no ring)
                                (no ring)

@: slowed, very slow, not resistant to hostile enchantments, very unstealthy
A: antennae 1, talons 1
a: Depart the Abyss, Bend Space, Renounce Religion


You were on level 2 of the Dungeon.
You worshipped Lugonu.
Lugonu was pleased with you.
You were not hungry.

You visited 1 branch of the dungeon, and saw 2 of its levels.
You visited the Abyss 1 time.

You collected 80 gold pieces.

Inventory:

Hand weapons
 d - a +1 falchion (weapon)
Armour
 b - a +0 leather armour (worn)
Scrolls
 a - a scroll of remove curse {unknown}
 e - a scroll of fog {unknown}
 f - a scroll of identify
 g - a scroll of magic mapping
Potions
 i - a potion of might
Comestibles
 c - 2 bread rations


   Skills:
 + Level 3.4 Fighting
 - Level 1.8 Long Blades
 + Level 2.3 Armour
 + Level 1.2 Dodging
 + Level 1.0 Unarmed Combat
 + Level 3.4 Invocations


You had 2 spell levels left.
You didn't know any spells.

Dungeon Overview and Level Annotations

Branches:
Dungeon (2/15)

Altars:
Vehumet

Annotations:
D:2 Natasha


Innate Abilities, Weirdness & Mutations

You have a pair of small antennae on your head.
You have sharp toenails.


Message History

Natasha claws you but does no damage.
The crimson imp hits you but does no damage.
You closely miss Natasha. Your kick misses Natasha.
Natasha is heavily wounded.
Natasha misses you. The crimson imp misses you. Natasha claws you.
The crimson imp hits you.
* * * LOW HITPOINT WARNING * * *
The white imp hits you but does no damage.
You hit Natasha. You claw Natasha, but do no damage.
Natasha is almost dead.
The white imp disappears in a puff of smoke!
Natasha claws you.
* * * LOW HITPOINT WARNING * * *
The crimson imp hits you but does no damage.
Natasha barely misses you. The crimson imp hits you.
* * * LOW HITPOINT WARNING * * *
You feel better. Natasha casts a spell at you. The magic dart hits you!
You die...

# #######..########## ###
##....÷....#. ..# #########...
..# #######........ ..#
############.......###....
.)######............####### ###..
...(.(.((################# ##.
...#............##.......# ##
....###########h@5.......# ..#.##
####.......# ..#..## #.......# ##
####§.# #.......# #. ......#
####...## #. ...%h.#** ###.# #.
........#*******#######.########.
.......5...,,,,..................
....5..####*,***#######.##.......


You could see Natasha and a crimson imp.

Vanquished Creatures
  3 adders (D:2)
  A giant gecko (D:1)
  A giant cockroach (D:1)
  4 goblins
  5 hobgoblins
  3 jackals (D:1)
  3 kobolds (D:1)
  A quokka (D:2)
  3 bats
  2 giant newts (D:1)
  4 rats
30 creatures vanquished.

Notes
Turn   | Place    | Note
--------------------------------------------------------------
     0 | Abyss:1  | Pnognoglozu, the Demonspawn Abyssal Knight, began the quest for the Orb.
     0 | Abyss:1  | Reached XP level 1. HP: 18/18 MP: 2/2
    22 | D:1      | Escaped the Abyss
   220 | D:1      | Reached skill level 1 in Dodging
   225 | D:1      | Gained mutation: You have sharp toenails. [demonic ancestry]
   225 | D:1      | Reached XP level 2. HP: 12/24 MP: 4/4
  1099 | D:1      | Acquired Lugonu's second power
  1280 | D:2      | Gained mutation: You have a pair of small antennae on your head. [demonic ancestry]
  1280 | D:2      | Reached XP level 3. HP: 15/29 MP: 5/5
  1698 | D:2      | Found a radiant altar of Vehumet.
  2121 | D:2      | Reached skill level 1 in Unarmed Combat
  2124 | D:2      | Noticed Natasha
  2151 | D:2      | HP: 1/29 [crimson imp[Natasha] (2)]
  2152 | D:2      | Killed from afar by Natasha

Action                   || total
-------------------------++-------
Melee: Falchion          ||   138
       Unarmed           ||    16
  Use: Scroll            ||     4
       Potion            ||     2
  Eat: Chunk             ||     4
